 Dungeon Crawl Stone Soup version 0.30.0-10-gfe55d96785 (webtiles) character file.

Game seed: 15824643437796679153

830 qw the Chopper (level 7, 0/44 HPs)
             Began as a Gargoyle Cinder Acolyte on May 17, 2023.
             Was a High Priest of Ignis.
             Slain by a gnoll
             ... wielding a +0 halberd
             ... led by a gnoll bouda
              (1 damage)
             ... on level 5 of the Dungeon.
             The game lasted 00:01:48 (3927 turns).

qw the Chopper (Gargoyle Cinder Acolyte)            Turns: 3927, Time: 00:01:49

Health: 0/44       AC: 18    Str: 19    XL:     7   Next: 97%
Magic:  8/8        EV:  9    Int: 15    God:    Ignis [*****.]
Gold:   231        SH:  0    Dex:  5    Spells: 8/8 levels left

rFire   + . .        Y - +0 war axe
rCold   . . .        (no shield)
rNeg    + . .        g - +0 scale mail
rPois   inf          (no helmet)
rElec   +            (no cloak)
rCorr   .            (no gloves)
SInv    .            (no boots)
Will    .....        (no amulet) Stlth
                     (no ring)
HPRegen 0.27/turn    (no ring)
MPRegen 0.11/turn

%: no passive effects
@: weakened, fiery-armoured
A: sickness immunity, AC +4, negative energy resistance 1, electricity
resistance, torment resistance 1, petrification resistance
a: Renounce Religion, Fiery Armour, Foxfire Swarm, Rising Flame


You were on level 5 of the Dungeon.
You worshipped Ignis.
Ignis was extremely pleased with you.
You visited 1 branch of the dungeon, and saw 5 of its levels.

You collected 231 gold pieces.


Innate Abilities, Weirdness & Mutations

You are immune to sickness and miasma.
Your stone body is resilient. (AC +4)
You are immune to poison.
You resist negative energy. (rN+)
You are resistant to electric shocks. (rElec)
You are resistant to unholy torment.
You are immune to petrification.


   Skills:
 - Level 5.0 Fighting
 + Level 7.4 Axes
 - Level 2.5 Armour
 - Level 1.0 Spellcasting
 - Level 3.0 Fire Magic


You had 8 spell levels left.
You didn't know any spells.
Your spell library contained the following spells:

 Spells                   Type           Power      Damage    Failure   Level
 Scorch                   Fire           18%        2d6       32%         2

Inventory:

Hand Weapons
 d - a +2 hand axe of flaming
 Y - a +0 war axe (weapon)
Armour
 g - a +0 scale mail (worn)
Scrolls
 a - a scroll of identify
Potions
 b - a potion of might
 e - a potion of curing
 j - a potion of cancellation {unknown}
 m - a potion of degeneration {unknown}

Dungeon Overview and Level Annotations

Branches:
Dungeon (5/15)             Temple (0/1) D:4

Altars:
Gozag
Qazlal

Annotations:
D:4 1 runed translucent door, qw's ghost, amateur GrCA


Message History

The gnoll bouda gazes fiercely through you!
You feel your attacks grow feeble. The iguana bites you.
3923 ||| INVOKING Fiery Armour.
A protective cloak of flame settles atop you.
The gnoll bouda barely misses you. The iguana bites you.
The iguana is burned by your cloak of flames.
The iguana is moderately wounded.
The gnoll hits you from afar with a +0 halberd!
You barely miss the iguana.
The iguana is moderately wounded.
You hit the gnoll bouda but do no damage.
The gnoll barely misses you. The gnoll closely misses you.
The iguana bites you.
The iguana is burned by your cloak of flames.
The iguana is heavily wounded.
The gnoll hits you from afar with a +0 halberd.
You barely miss the iguana.
The iguana is heavily wounded.
You hit the gnoll bouda but do no damage.
The gnoll barely misses you. The gnoll closely misses you.
The gnoll bouda hits you but does no damage.
The iguana bites you.
The iguana is burned by your cloak of flames.
The iguana is severely wounded.
The gnoll hits you but does no damage.
You slash the iguana!
You kill the iguana!
You hit the gnoll bouda.
The gnoll hits you from afar with a +0 halberd.
The gnoll closely misses you. The gnoll hits you but does no damage.
The gnoll bouda gazes fiercely through you!
You feel as though you will be weak longer.
The gnoll bouda barely misses you. The gnoll barely misses you.
You hit the gnoll bouda.
The gnoll bouda is moderately wounded.
The gnoll hits you from afar with a +0 halberd.
The gnoll hits you from afar with a +0 halberd!
The gnoll hits you but does no damage. The gnoll bouda closely misses you.
The gnoll hits you from afar with a +0 halberd. x3
You die...

#..g.. #$ #....
#.###.l..
.........
........#
........#
.......g#####
.......g%...###
......gg.@....#
.......g.g....#
....####......####
... ##......... ..
#.######## . #.#
####.# #....#
#....#


You could see a gnoll bouda and 5 gnolls.

Vanquished Creatures
  Grinder (D:3)
  Sigmund (D:4)
  A water moccasin (D:4)
  A phantom (D:4)
  2 jellies (D:4)
  2 sleepcaps (D:4)
  2 iguanas
  6 adders
  2 dart slugs
  4 orcs (D:3)
  5 ball pythons
  2 bats (D:1)
  8 endoplasms
  A giant cockroach (D:4)
  7 goblins
  6 hobgoblins
  4 jackals (D:2)
  6 kobolds
  2 quokkas
  2 frilled lizards
  4 rats
69 creatures vanquished.

Notes
Turn   | Place    | Note
-------+----------+-------------------------------------------
     0 | D:1      | qw the Gargoyle Cinder Acolyte began the quest for the Orb.
     0 | D:1      | Reached XP level 1. HP: 14/14 MP: 2/2
     0 | D:1      | 0 ||| qw: Version: 0.2-a-95-g4c1bab1
     0 | D:1      | 0 ||| qw: Game counter: 163
     0 | D:1      | 0 ||| qw: Always use a shield: true
     0 | D:1      | 0 ||| qw: God list: Okawaru
     0 | D:1      | 0 ||| qw: Allow faded altars: false
     0 | D:1      | 0 ||| qw: Do Orc after D:15 true
     0 | D:1      | 0 ||| qw: Do second Lair branch before Depths: true
     0 | D:1      | 0 ||| qw: Lair rune preference: random
     0 | D:1      | 0 ||| qw: Plans: Normal
     0 | D:1      | 0 ||| PLANNING D:1-11
    63 | D:1      | Reached skill level 3 in Axes
    99 | D:1      | 99 ||| Stepping ~*~*~tactically~*~*~ (stealth).
   106 | D:1      | Reached XP level 2. HP: 19/19 MP: 3/3
   295 | D:1      | Found a faded altar of an unknown god.
   482 | D:1      | 482 ||| Stepping ~*~*~tactically~*~*~ (hiding).
   602 | D:1      | 602 ||| Stepping ~*~*~tactically~*~*~ (stealth).
   619 | D:1      | Reached XP level 3. HP: 15/23 MP: 4/4
   842 | D:1      | 842 ||| READING 2 scrolls labelled GAACOXT LIME.
   848 | D:2      | Found an opulent altar of Gozag.
   863 | D:2      | 863 ||| Stepping ~*~*~tactically~*~*~ (stealth).
   970 | D:2      | 970 ||| Stepping ~*~*~tactically~*~*~ (hiding).
   971 | D:2      | 971 ||| Stepping ~*~*~tactically~*~*~ (hiding).
  1098 | D:2      | Reached skill level 4 in Axes
  1524 | D:2      | 1524 ||| UPGRADING to +0 leather armour.
  1534 | D:2      | 1534 ||| DROPPING +0 robe.
  1535 | D:2      | 1535 ||| UPGRADING to +0 scale mail.
  1545 | D:2      | 1545 ||| DROPPING +0 leather armour.
  1546 | D:2      | 1546 ||| READING 3 scrolls labelled QUJOUN RUMUTTO.
  1547 | D:2      | 1547 ||| READING 2 scrolls of enchant weapon.
  1547 | D:2      | 1547 ||| ENCHANTING +0 hand axe of flaming.
  1548 | D:2      | 1548 ||| READING scroll of enchant weapon.
  1548 | D:2      | 1548 ||| ENCHANTING +1 hand axe of flaming.
  1549 | D:2      | 1549 ||| READING 2 scrolls of identify.
  1549 | D:2      | 1549 ||| IDENTIFYING bubbling silvery potion
  1550 | D:2      | 1550 ||| DROPPING potion of invisibility.
  1590 | D:3      | Found a stormy altar of Qazlal.
  1699 | D:3      | 1699 ||| Stepping ~*~*~tactically~*~*~ (stealth).
  1702 | D:3      | 1702 ||| Stepping ~*~*~tactically~*~*~ (stealth).
  1708 | D:3      | Reached skill level 1 in Armour
  1708 | D:3      | Reached XP level 4. HP: 28/28 MP: 5/5
  1813 | D:3      | Noticed Grinder
  1813 | D:3      | Paralysed by Grinder for 2 turns
  1815 | D:3      | 1815 ||| Stepping ~*~*~tactically~*~*~ (hiding).
  1831 | D:3      | 1831 ||| Stepping ~*~*~tactically~*~*~ (hiding).
  1832 | D:3      | 1832 ||| Stepping ~*~*~tactically~*~*~ (hiding).
  1840 | D:3      | Paralysed by Grinder for 2 turns
  1845 | D:3      | Killed Grinder
  1846 | D:3      | Reached skill level 6 in Axes
  1846 | D:3      | Reached XP level 5. HP: 21/32 MP: 6/6
  1846 | D:3      | Reached XP level 6. HP: 25/37 MP: 7/7
  2015 | D:3      | Identified the +5 dagger of Starshine {protect, *Corrode
                  | rC+ Str+5}
  2016 | D:3      | 2016 ||| SWAPPING to +0 war axe.
  2419 | D:3      | 2419 ||| DROPPING scarf of invisibility.
  2420 | D:3      | 2420 ||| READING scroll labelled GEGOUT TIKH.
  2821 | D:4      | Found a runed translucent door.
  2823 | D:4      | Noticed qw's ghost (amateur GrCA)
  2847 | D:4      | Noticed Sigmund
  2874 | D:4      | HP: 9/38 [something (5)]
  2879 | D:4      | 2879 ||| INVOKING Fiery Armour.
  2880 | D:4      | HP: 6/38 [Sigmund/+0 scythe (4)]
  2880 | D:4      | Killed Sigmund
  2881 | D:4      | Reached XP level 7. HP: 7/43 MP: 8/8
  3033 | D:4      | Reached skill level 7 in Axes
  3215 | D:4      | Found a staircase to the Ecumenical Temple.
  3351 | D:4      | 3351 ||| INVOKING Fiery Armour.
  3762 | D:4      | 3762 ||| READING scroll labelled OXKARPH VOHUFE.
  3763 | D:4      | 3763 ||| READING scroll labelled SIAXARRUADD.
  3764 | D:4      | 3764 ||| READING scroll labelled AKHARO QOESAY.
  3765 | D:4      | 3765 ||| READING scroll labelled USEPINAUGU.
  3781 | D:4      | 3781 ||| DRINKING 2 sedimented puce potions.
  3782 | D:4      | 3782 ||| DRINKING 3 fuming golden potions.
  3838 | D:4      | 3838 ||| READING 3 scrolls of identify.
  3838 | D:4      | 3838 ||| IDENTIFYING pink potion
  3839 | D:4      | 3839 ||| READING 2 scrolls of identify.
  3839 | D:4      | 3839 ||| IDENTIFYING fuming amethyst potion
  3840 | D:4      | 3840 ||| DROPPING 2 potions of lignification.
  3841 | D:4      | 3841 ||| DROPPING potion of magic.
  3861 | D:5      | Entered Level 5 of the Dungeon
  3915 | D:5      | 3915 ||| Stepping ~*~*~tactically~*~*~ (hiding).
  3916 | D:5      | 3916 ||| Stepping ~*~*~tactically~*~*~ (hiding).
  3918 | D:5      | 3918 ||| Stepping ~*~*~tactically~*~*~ (hiding).
  3919 | D:5      | 3919 ||| Stepping ~*~*~tactically~*~*~ (hiding).
  3922 | D:5      | Identified the +9 long sword of the Fortifying Asp {venom,
                  | rF+ rC- Str+7 Dex+3}
  3923 | D:5      | 3923 ||| INVOKING Fiery Armour.
  3927 | D:5      | HP: 5/44 [gnoll/+0 halberd[a gnoll bouda] (9)]
  3927 | D:5      | HP: 1/44 [gnoll/+0 halberd[a gnoll bouda] (2)]
  3927 | D:5      | Slain by a gnoll

Levels and vault maps discovered:
D:1:      minmay_arrival_pointy, layout_basic, hellmonk_ecumenical_altar_run_dry
D:2:      wander_river, layout_loops_ring, basic_altar
D:3:      layout_basic, nicolae_qazlal_scattered_showers, uniq_grinder
D:4:      layout_basic, minmay_temple_entry_ruins,
          ebering_ghost_reflecting_pool, uniq_sigmund
D:5:      layout_basic, tso_oasis_becter, kennysheep_little_box,
          grunt_ministairs_13, glass_columns_b

Skill      XL: |  1  2  3  4  5  6  7 |
---------------+----------------------+-----
Axes           | 3 4 6 7 |  7.4
Armour         | 1 2 |  2.5
Fighting       | 4 5 |  5.0
Spellcasting   | |  1.0
Fire Magic     | |  3.0

Action                     |  1- 3 |  4- 6 |  7- 9 || total
---------------------------+-------+-------+-------++-------
  Melee: Hand axe          |   141 |    25 |       ||   166
         War axe           |       |    87 |    46 ||   133
         Punch             |       |     1 |     1 ||     2
 Invoke: Fiery Armour      |       |     1 |     2 ||     3
    Use: Scroll            |     5 |     1 |     6 ||    12
         Potion            |       |       |     2 ||     2
 Armour: Robe              |    43 |       |       ||    43
         Scale mail        |     7 |    42 |    19 ||    68
  Dodge: Dodged            |    79 |    31 |    31 ||   141

Table legend:
 A = Non-vault XP
 B = Vault XP
 C = Vault XP percentage of total XP
 D = Non-vault monster count
 E = Vault monster count
 F = Vault count percentage of total count
                 A         B        C        D         E       F
            +---------+---------+-------+---------+---------+-------
      Total |     674 |     512 |  43.2 |      67 |       2 |   2.9
            +---------+---------+-------+---------+---------+-------
        D:1 |      36 |       0 |   0.0 |      21 |       0 |   0.0
        D:2 |      34 |       0 |   0.0 |      14 |       0 |   0.0
        D:3 |      52 |     281 |  84.4 |      12 |       1 |   7.7
        D:4 |     500 |     231 |  31.6 |      18 |       1 |   5.3
        D:5 |      52 |       0 |   0.0 |       2 |       0 |   0.0
            +---------+---------+-------+---------+---------+-------
